 Dungeon Crawl Stone Soup version 0.19.0-2-gae57169 (webtiles) character file.

93 LORDOFBUTT the Skirmisher (level 4, -1/40 HPs)
             Began as a Hill Orc Monk on Oct 31, 2016.
             Slain by a gnoll
             ... wielding a +0 spear
              (8 damage)
             ... on level 2 of the Dungeon on Nov 4, 2016.
             The game lasted 00:04:24 (2000 turns).

LORDOFBUTT the Skirmisher (Hill Orc Monk)           Turns: 2000, Time: 00:04:25

Health: -1/40      AC:  7    Str: 13    XL:     4   Next: 62%
Magic:  4/4        EV: 12    Int: 10    God:
Gold:   54         SH:  0    Dex: 14    Spells: 0 memorised, 3 levels left

rFire  . . .     SeeInvis .     a - +0 mace
rCold  . . .     Gourm    .     o - +1 ring mail {rPois}
rNeg   . . .     Faith    .     (no shield)
rPois  +         Spirit   .     (no helmet)
rElec  .         Reflect  .     (no cloak)
rCorr  .         Harm     .     n - +0 pair of gloves
MR     .....                    (no boots)
Stlth  +.........               (no amulet)
                                (no ring)
                                (no ring)

@: no status effects
A: no striking features
a: no special abilities


You were on level 2 of the Dungeon.
You were hungry.

You visited 1 branch of the dungeon, and saw 2 of its levels.

You collected 54 gold pieces.

Inventory:

Hand Weapons
 a - a +0 mace (weapon)
Armour
 n - a +0 pair of gloves (worn)
 o - a +1 ring mail of poison resistance (worn)
Scrolls
 b - a scroll of noise {unknown}
 e - a scroll of remove curse {unknown}
 f - a scroll of immolation {unknown}
 g - a scroll of enchant weapon {unknown}
 i - a scroll of blinking {unknown}
 j - a scroll of recharging {unknown}
 m - 4 scrolls of identify {unknown}
 s - a scroll of random uselessness {unknown}
 t - a scroll of teleportation {unknown}
Potions
 h - 4 potions of magic {unknown}
 k - a potion of degeneration {unknown}
 l - 2 potions of lignification {unknown}
 q - a potion of cancellation {unknown}
 r - a potion of curing {unknown}
 u - a potion of flight {unknown}
Comestibles
 c - a bread ration
 d - 2 meat rations
 p - a slice of pizza


   Skills:
 + Level 4.3 Fighting
 + Level 4.1 Maces & Flails
 + Level 1.2 Armour
 + Level 3.1 Dodging
 + Level 1.9 Stealth


You had 3 spell levels left.
You didn't know any spells.

Dungeon Overview and Level Annotations

Branches:
Dungeon (2/15)

Altars:
Okawaru
Vehumet


Message History

You hit the gnoll but do no damage.
The gnoll is moderately wounded.
The gnoll closely misses you.
The gnoll hits you from afar with a spear.
The gnoll closely misses you.
You hit the gnoll.
The gnoll is severely wounded.
The gnoll hits you from afar with a spear.
The gnoll barely misses you.
You closely miss the gnoll.
The gnoll is severely wounded.
The gnoll hits you from afar with a spear.
* * * LOW HITPOINT WARNING * * *
The gnoll hits you but does no damage.
You hit the gnoll.
The gnoll is almost dead.
The gnoll barely misses you. The gnoll hits you with a spear.
* * * LOW HITPOINT WARNING * * *
The gnoll hits you from afar with a spear!
You die...

#.# #..#######.....##### #..#.##.
#.# #..# #.....# #<.#....
#.###..#### #.....# #.......
#.##......# #.....# #.######
.......##.# #.....# #.# #...
#.#....# # ###.### ##.###.##
#††....# #.# ##.#.##.##
..#...###.######.#######.###.....
................@)gg..###.#.##.##
..........#.#######.......††##.##
#.####.### ######.###.###..#...
#.# ... #......# #.# #..#### ..#
#. #.####.###'###.## ## ..
#g..'_###.# ##.#.##.###+###.##
#.%r.g.g# #. #..#
#.....g.###.###..#


You could see 2 gnolls.

Vanquished Creatures
  2 adders (D:2)
  A gnoll (D:2)
  An ooze (D:1)
  2 dart slugs (D:1)
  3 leopard geckos
  A giant cockroach (D:1)
  9 goblins
  5 hobgoblins
  7 jackals
  5 kobolds
  A quokka (D:2)
  A ball python (D:2)
  5 bats
  4 frilled lizards
  5 rats
52 creatures vanquished.

Notes
Turn   | Place    | Note
-------+----------+-------------------------------------------
     0 | D:1      | LORDOFBUTT the Hill Orc Monk began the quest for the Orb.
     0 | D:1      | Reached XP level 1. HP: 19/19 MP: 1/1
   160 | D:1      | Reached XP level 2. HP: 22/27 MP: 2/2
   203 | D:1      | Upgraded the game from 0.19-b1-5-gdc9fa9d to 0.19.0-2-gae57169
   495 | D:1      | Reached XP level 3. HP: 23/33 MP: 3/3
  1122 | D:2      | Found a faded altar of an unknown god.
  1249 | D:2      | Reached XP level 4. HP: 27/40 MP: 4/4
  1271 | D:2      | Found an iron altar of Okawaru.
  1733 | D:2      | Found a radiant altar of Vehumet.
  1751 | D:2      | Reached skill level 1 in Armour
  2000 | D:2      | Slain by a gnoll

Skill      XL: |  1  2  3  4 |
---------------+-------------+-----
Fighting       | 4 |  4.3
Maces & Flails | 4 |  4.1
Dodging        | 3 |  3.1
Armour         | 1 |  1.2
Stealth        | |  1.9

Action                   |  1- 3 |  4- 6 || total
-------------------------+-------+-------++-------
Melee: Mace              |   135 |    58 ||   193
 Stab: Sleeping          |     1 |     1 ||     2
  Eat: Chunk             |     1 |     2 ||     3
Armor: Robe              |    13 |       ||    13
       Ring mail         |    34 |    29 ||    63
Dodge: Dodged            |   152 |    39 ||   191
